 Dungeon Crawl Stone Soup version 0.29-a0-555-g3b24f45cc1 (webtiles) character file.

Game seed: 15166550485854802257

523 lunkers the Digger (level 6, 0/45 HPs)
             Began as a Demigod Earth Elementalist on June 7, 2022.
             Succumbed to an orc's poison
             ... on level 4 of the Dungeon.
             The game lasted 00:12:10 (5857 turns).

lunkers the Digger (Demigod Earth Elementalist)     Turns: 5857, Time: 00:12:11

Health: 0/45       AC:  6    Str:  6 (9)  XL:     6   Next: 70%
Magic:  2/14       EV: 12    Int: 23 (25) God:
Gold:   146        SH:  0    Dex: 11 (14) Spells: 5/11 levels left

rFire   . . .      SeeInvis .   e - staff of earth
rCold   . . .      Faith    .   (no shield)
rNeg    . . .      Spirit   .   b - +0 robe
rPois   .          Reflect  .   o - +0 helmet
rElec   .          Harm     .   n - +1 cloak
rCorr   .          Rampage  .   (no gloves)
Will    .....                   g - +0 pair of boots
Stlth   ++........              (no amulet)
HPRegen 0.15/turn               (no ring)
MPRegen 0.14/turn               (no ring)

@: lethally poisoned (0 -> -12), attractive
A: high MP 1, forlorn, divine attributes
a: no special abilities


You were on level 4 of the Dungeon.
You visited 1 branch of the dungeon, and saw 4 of its levels.

You collected 146 gold pieces.

Inventory:

Hand Weapons
 r - a +0 morningstar
Missiles
 f - 13 stones
Armour
 b - a +0 robe (worn)
 g - a +0 pair of boots (worn)
 n - a +1 cloak (worn)
 o - a +0 helmet (worn)
Magical Staves
 e - a staff of earth (weapon)
Scrolls
 d - a scroll of enchant armour
 i - a scroll of vulnerability
Potions
 c - a potion of magic
 j - a potion of mutation
 l - a potion of attraction


   Skills:
 - Level 1.7 Dodging
 - Level 1.7 Stealth
 + Level 3.3 Spellcasting
 * Level 3.5 Conjurations
 - Level 0.8 Transmutations
 * Level 5.3 Earth Magic


You had 5 spell levels left.
You knew the following spells:

 Your Spells              Type           Power      Damage    Failure   Level
a - Stone Arrow           Conj/Erth      72%        3d11      5%          3
b - Passwall              Tmut/Erth      22%        N/A       4%          2
c - Sandblast             Erth           84%        2d18      1%          1

Your spell library contained the following spells:

 Spells                   Type           Power      Damage    Failure   Level
 Scorch                   Fire           6%         2d5       17%         2
 Petrify                  Tmut/Erth      27%        N/A       30%         4
 Ozocubu's Armour         Ice            3%         N/A       32%         3
 Flame Wave               Conj/Fire      11%        2d5       47%         4
 Borgnjor's Vile Clutch   Necr/Erth      12%        N/A       71%         5
 Alistair's Intoxication  Tmut/Pois      3%         N/A       95%         5
 Eringya's Noxious Bog    Tmut/Pois      2%         N/A       100%        6
 Summon Cactus Giant      Summ           1%         N/A       100%        6
 Ozocubu's Refrigeration  Ice            1%         4d5       100%        7


Dungeon Overview and Level Annotations

Branches:
Dungeon (4/15)             Temple (0/1) D:4

Shops:
D:2 =


Innate Abilities, Weirdness & Mutations

You have an increased reservoir of magic. (+10% MP)
You shall have no god before yourself.
Your divine heritage dramatically boosts your attributes as you level up.


Message History

The orc hits you with a +2 mace of venom.
You are lethally poisoned!
The orc hits you with a +2 mace of venom.
* * * LOW HITPOINT WARNING * * *
You are more poisoned.
* * * LOW HITPOINT WARNING * * *
You feel extremely sick.
Casting: Sandblast (safe; 1% risk of failure)
Confirm with . or Enter, or press ? or * to list all spells.
Aiming: Sandblast (safe; 1% risk of failure)
Press: ? - help, Shift-Dir - straight line, f - orc
Aim: an orc, wielding a +2 mace of venom and wearing a +0 leather armour (83% to hit)
You feel a surge of power!
The blast of sand hits the orc!
You kill the orc!
* * * LOW MAGIC WARNING * * *
* * * LOW HITPOINT WARNING * * *
You feel very sick.
It was a potion of attraction.
You feel attractive to monsters.
* * * LOW HITPOINT WARNING * * *
You feel very sick.
It was a potion of degeneration.
There was something very wrong with that liquid.
You feel weakened.
You feel dopey.
You feel clumsy.
* * * LOW HITPOINT WARNING * * *
You feel very sick.
Really quaff the potion of lignification?
You turn into a tree.
Your +1 cloak melds into your body.
Your +0 helmet melds into your body.
Your +0 pair of boots melds into your body.
Your +0 robe melds into your body.
Your roots penetrate the ground.
* * * LOW HITPOINT WARNING * * *
You feel very sick.
Your magical effects are unravelling.
You feel magically purged.
You feel less wooden.
Your +1 cloak unmelds from your body.
Your +0 helmet unmelds from your body.
Your +0 pair of boots unmelds from your body.
Your +0 robe unmelds from your body.
You die...

#.......########.#
#.|.....# .
#.......#
####.#### #.# #.#
#.# #########.#
#.))))@...#
#.#########


There were no monsters in sight!

Vanquished Creatures
  Grinder (D:3)
  A hound (D:4)
  2 jellies (D:4)
  2 orc priests (D:3)
  Terence (D:3)
  Robin (D:3)
  4 adders
  A worm (D:2)
  16 orcs
  7 ball pythons
  4 bats
  2 endoplasms (D:2)
  6 giant cockroaches
  17 goblins
  7 hobgoblins
  A quokka (D:4)
  3 frilled lizards
  6 kobolds
  4 rats
86 creatures vanquished.

Vanquished Creatures (others)
  5 plants (D:4)
5 creatures vanquished.

Grand Total: 91 creatures vanquished

Notes
Turn   | Place    | Note
-------+----------+-------------------------------------------
     0 | D:1      | lunkers the Demigod Earth Elementalist began the quest for
                  | the Orb.
     0 | D:1      | Reached XP level 1. HP: 14/14 MP: 5/5
   100 | D:1      | Reached skill level 3 in Earth Magic
   362 | D:1      | Reached XP level 2. HP: 20/20 MP: 2/7
  1006 | D:1      | Learned a level 2 spell: Passwall
  1250 | D:2      | Reached XP level 3. HP: 26/26 MP: 1/8
  1710 | D:2      | Learned a level 3 spell: Stone Arrow
  1789 | D:2      | Found Kipe's Jewellery Shoppe.
  2765 | D:3      | Noticed Robin
  3694 | D:3      | Killed Robin
  3695 | D:3      | Reached skill level 1 in Conjurations
  3695 | D:3      | Reached skill level 4 in Earth Magic
  3695 | D:3      | Reached XP level 4. HP: 33/33 MP: 3/10
  4396 | D:3      | Noticed Terence
  4414 | D:3      | Killed Terence
  4415 | D:3      | Reached XP level 5. HP: 38/38 MP: 0/12
  4686 | D:3      | Noticed Grinder
  4693 | D:3      | Paralysed by Grinder for 2 turns
  4713 | D:3      | Killed Grinder
  4714 | D:3      | Reached skill level 5 in Earth Magic
  4714 | D:3      | Reached XP level 6. HP: 18/45 MP: 0/13
  5002 | D:3      | Identified a scroll of acquirement
  5002 | D:3      | Acquired a staff of earth
  5244 | D:4      | Found a staircase to the Ecumenical Temple.
  5857 | D:4      | Succumbed to an orc's poison

Illustrated notes

Levels and vault maps discovered:
D:1:      giann_horns, layout_basic, serial_bayou_ford_a, minivault_24
D:2:      layout_loops_ring, serial_shops, nicolae_shop_crystal,
          shapermc_ecumenical_altar_pompeii, minmay_misc_feat_hallway,
          minmay_misc_feat_more_columns
D:3:      layout_basic, mainiacjoe_overflow_alcove_4, uniq_robin, uniq_grinder,
          uniq_terence
D:4:      layout_basic, minmay_temple_entry_grid, serial_forest,
          infiniplex_forest_clump_small, infiniplex_forest_lined_room_2,
          infiniplex_forest_corner_1, infiniplex_forest_lined_3,
          infiniplex_forest_clump_large, infiniplex_forest_end_double

Skill      XL: |  1  2  3  4  5 |
---------------+----------------+-----
Earth Magic    | 3 4 5 |  5.3
Spellcasting   | 2 3 |  3.3
Conjurations   | 1 2 3 |  3.5
Dodging        | |  1.7
Stealth        | |  1.7
Transmutations | |  0.8

Action                   |  1- 3 |  4- 6 || total
-------------------------+-------+-------++-------
Melee: Unarmed           |     3 |       ||     3
       Staff             |       |     5 ||     5
 Cast: Sandblast         |    54 |     2 ||    56
       Stone Arrow       |    26 |    42 ||    68
  Use: Scroll            |       |    10 ||    10
       Potion            |       |     4 ||     4
Armor: Robe              |    17 |     5 ||    22
Dodge: Dodged            |    53 |    18 ||    71

Table legend: (Time is in decaauts)
 A = Elapsed time spent in this place.
 B = Non-inter-level travel time spent in this place.
 C = Inter-level travel time spent in this place.
 D = Time resting spent in this place.
 E = Time spent auto-exploring this place.
 F = Levels seen in this place.
 G = Mean time per level.
                   A        B        C        D        E       F      G
               +--------+--------+--------+--------+--------+-----+--------+
         Total |   5873 |   5745 |    128 |    930 |   3926 |   4 | 1468.2 |
       Dungeon |   5873 |   5745 |    128 |    930 |   3926 |   4 | 1468.2 |
               +--------+--------+--------+--------+--------+-----+--------+

Top non-repeatable levels by time:
     D:3: 2619 daAuts
     D:2: 1557 daAuts
     D:1: 1055 daAuts
     D:4: 640 daAuts
